 Dungeon Crawl Stone Soup version 0.27-a0-972-gd1521fd518 (webtiles) character file.

Game seed: 985745063836325087

41633 tardwrangler69 the Earth Mage (level 13, -10/107 HPs)
             Began as a White Draconian Earth Elementalist on Apr 13, 2021.
             Was a High Priest of Vehumet.
             Killed from afar by a lindwurm (51 damage)
             ... with a blast of flame
             ... on level 6 of the Lair of Beasts.
             The game lasted 00:36:57 (25407 turns).

tardwrangler69 the Earth Mage (DrEE)               Turns: 25407, Time: 00:36:57

Health: -10/107    AC: 17    Str: 21    XL:     13   Next: 81%
Magic:  7/36       EV: 16    Int: 22    God:    Vehumet [*****.]
Gold:   2025       SH:  5    Dex: 11    Spells: 15/32 levels left

rFire    x . .     SeeInvis +   M - +5 trident (protect)
rCold    + . .     Faith    .   p - +0 buckler
rNeg     . . .     Spirit   .   (armour unavailable)
rPois    .         Reflect  .   i - +2 hat
rElec    +         Harm     .   j - +1 cloak
rCorr    .         Rampage  .   z - +0 pair of gloves
Will     .....                  X - +3 pair of boots of Whack-A-Mole {rElec Str+2 Int+3 Dex-3}
Stlth    ++........             P - amulet of magic regeneration
HPRegen  0.27/turn              g - ring of Recklessness {*Corrode rF- EV+4 Str+9 SInv}
MPRegen  0.50/turn              t - ring of magical power

@: about to teleport, marked
A: breathe frost, AC +8, unfitting armour, cold resistance 1, cold-blooded
a: Breathe Frost, Renounce Religion


You were on level 6 of the Lair of Beasts.
You worshipped Vehumet.
Vehumet was extremely pleased with you.
You visited 3 branches of the dungeon, and saw 19 of its levels.
You also visited: Ossuary.

You collected 2313 gold pieces.
You spent 288 gold pieces at shops.

Inventory:

Hand Weapons
 G - a +6 trident of freezing
 M - a +5 trident of protection (weapon)
Missiles
 b - 296 stones
 y - 5 throwing nets
Armour
 i - a +2 hat (worn)
 j - a +1 cloak (worn)
 p - a +0 buckler (worn)
 z - a +0 pair of gloves (worn)
 X - the +3 pair of boots of Whack-A-Mole (worn) {rElec Str+2 Int+3 Dex-3}
   (You found it on level 5 of the Lair of Beasts)

   It affects your strength (+2).
   It affects your intelligence (+3).
   It affects your dexterity (-3).
   It insulates you from electricity.
Jewellery
 c - a ring of resist corrosion
 d - a ring of poison resistance
 g - the ring of Recklessness (left hand) {*Corrode rF- EV+4 Str+9 SInv}
   (You acquired it on level 8 of the Dungeon)

   [ring of evasion]

   It affects your evasion (+4).
   It affects your strength (+9).
   It makes you vulnerable to fire.
   It lets you see invisible.
   It may corrode you when you take damage.
 t - a ring of magical power (right hand)
 F - a +4 ring of evasion
 I - a ring of protection from cold
 O - a +6 ring of dexterity
 P - an amulet of magic regeneration (around neck)
 Q - a +6 ring of dexterity
 S - a ring of fire
 T - a ring of fire
 W - a +6 ring of dexterity
Wands
 k - a wand of acid (26)
 v - a wand of mindburst (11)
 x - a wand of polymorph (31)
 A - a wand of flame (10)
 E - a wand of iceblast (11)
Scrolls
 f - 3 scrolls of magic mapping
 h - 2 scrolls of enchant armour
 l - a scroll of brand weapon
 q - 2 scrolls of holy word
 r - 2 scrolls of vulnerability
 s - 3 scrolls of identify
 u - 5 scrolls of amnesia
 J - 6 scrolls of enchant weapon
 K - 2 scrolls of teleportation
 L - 2 scrolls of blinking
 U - a scroll of acquirement
Potions
 a - 2 potions of lignification
 e - 7 potions of curing
 m - 3 potions of heal wounds
 n - a potion of magic
 o - 4 potions of attraction
 w - a potion of cancellation
 B - a potion of berserk rage
 C - a potion of brilliance
 D - 2 potions of flight
 H - 2 potions of degeneration
 N - a potion of haste
 R - 2 potions of mutation


   Skills:
 + Level 8.0 Fighting
 - Level 1.7 Dodging
 - Level 1.7 Stealth
 - Level 5.7 Shields
 - Level 10.0 Spellcasting
 - Level 7.1 Conjurations
 - Level 1.0 Transmutations
 * Level 17.5 Earth Magic


You had 15 spell levels left.
You knew the following spells:

 Your Spells              Type           Power      Damage    Failure   Level
a - Sandblast             Erth           100%       2d20      0%          1
b - Passwall              Tmut/Erth      42%        N/A       1%          2
c - Stone Arrow           Conj/Erth      100%       3d13      1%          3
d - Lee's Rapid Deconstr  Erth           36%        3d19*     1%          5
e - Iron Shot             Conj/Erth      30%        9d6       1%          6

Your spell library contained the following spells:

 Spells                   Type           Power      Damage    Failure   Level
 Lightning Bolt           Conj/Air       13%        1d26      11%         5
 Leda's Liquefaction      Hex/Erth       24%        N/A       1%          4
 Petrify                  Tmut/Erth      51%        N/A       1%          4
 Bolt of Magma            Conj/Fire/Erth 23%        4d11      1%          5
 Blink                    Tloc           N/A        N/A       9%          2
 Confusing Touch          Hex            11%        N/A       19%         3
 Gell's Gravitas          Tloc           5%         N/A       19%         3
 Lesser Beckoning         Tloc           5%         N/A       19%         3
 Teleport Other           Tloc           11%        N/A       19%         3
 Statue Form              Tmut/Erth      34%        N/A       21%         6
 Yara's Violent Unravell  Hex/Tmut       6%         3d5       32%         5
 Conjure Ball Lightning   Conj/Air       13%        3x3d6     45%         6
 Summon Lightning Spire   Summ/Air       11%        N/A       52%         4
 Shatter                  Erth           36%        3d29*     71%         9
 Manifold Assault         Tloc           11%        N/A       86%         5
 Metabolic Englaciation   Hex/Ice        5%         N/A       86%         5
 Silence                  Hex/Air        5%         N/A       86%         5
 Tornado                  Air            5%         N/A       100%        9
 Animate Armour           Summ/Erth      Unusable   N/A       N/A         4

Dungeon Overview and Level Annotations

Branches:
Dungeon (12/15)            Temple (1/1) D:4            Lair (6/6) D:9
  Swamp (0/4) Lair:4       Spider (0/4) Lair:2        Slime (0/5) Lair:5
    Orc (0/2) D:10        Ossuary (visited)

Altars:
Ashenzari
Cheibriados
Dithmenos
Elyvilon
Fedhas
Gozag
Hepliaklqana
Kikubaaqudgha
Makhleb
Nemelex Xobeh
Okawaru
Qazlal
Ru
Sif Muna
Trog
Uskayaw
Vehumet
Wu Jian
Xom
Yredelemnul
Zin
The Shining One

Shops:
D:2 !   D:12 ?


Innate Abilities, Weirdness & Mutations

You can breathe waves of freezing cold which knock back foes.
Your icy white scales are hard. (AC +8)
You cannot fit into any form of body armour.
Your flesh is cold resistant. (rC+)
You are cold-blooded and may be slowed by cold attacks.


Message History

A rock wall.
The wall shatters!
The blast of rock fragments hits the komodo dragon!!
The komodo dragon is heavily wounded.
The blast of rock fragments hits the basilisk!!!
You kill the basilisk!
Vehumet accepts your kill.
You feel your power returning.
A lindwurm comes into view.
Casting: Lee's Rapid Deconstruction (safe; 1% risk of failure)
Confirm with . or Enter, or press ? or * to list all spells.
Aiming: Stone Arrow (safe; 1% risk of failure)
Press: ? - help, Shift-Dir - straight line The stone arrow hits the komodo dragon!
The komodo dragon is heavily wounded.
The komodo dragon barely misses you.
Casting: Stone Arrow (safe; 1% risk of failure)
Confirm with . or Enter, or press ? or * to list all spells.
Aiming: Sandblast (safe; 0% risk of failure)
Press: ? - help, Shift-Dir - straight line The blast of sand hits the komodo dragon.
The komodo dragon is severely wounded.
The komodo dragon bites you!!
A wyvern comes into view.
Casting: Sandblast (safe; 0% risk of failure)
Confirm with . or Enter, or press ? or * to list all spells.
Aiming: Sandblast (safe; 0% risk of failure)
Press: ? - help, Shift-Dir - straight line The blast of sand hits the komodo dragon!
The komodo dragon is almost dead.
The komodo dragon bites you!!
A molten gargoyle comes into view. It is wielding a +0 mace.
As you read the scroll of teleportation, it crumbles to dust.
You feel strangely unstable. The komodo dragon closely misses you.
The lindwurm breathes flames at you. The blast of flame hits you!!
The fire burns you terribly!
A cane toad comes into view.
The lindwurm breathes flames at you. The blast of flame hits you!!!
The fire burns you terribly!
You die...

..............#.# .# #.#
PP...............###†##....
..................#9#.#....
...................†.#.....
...........................
.................l..†......
........†.........k........
..............F.l..........
................@.........#
#.#.#P..##.#..###..P.#.##.#
#########...### ######## #
#.#### ###


You could see a lindwurm (catching breath), a komodo dragon, a cane toad, a
molten gargoyle and a wyvern.

Vanquished Creatures
  5 hydras
  3 catoblepae
  5 two-headed ogres (D:11)
  6 lindwurms
  An orb spider (Lair:2)
  3 ugly things
  A cyclops (D:12)
  2 black mambas
  2 elephants
  Joseph (Lair:1)
  An unseen horror (D:12)
  A torpor snail (Lair:6)
  9 cane toads
  2 gargoyles
  Maggie (D:8)
  10 komodo dragons
  3 rime drakes
  An efreet (D:11)
  2 hornets (D:10)
  2 polar bears
  14 blink frogs
  2 shadows (D:10)
  9 wyverns
  Sigmund (D:3)
  A vampire (D:11)
  6 basilisks
  46 yaks
  A swamp worm (Lair:4)
  An acid dragon (D:11)
  10 water moccasins
  3 black bears
  An ice beast (D:8)
  2 orc warriors (D:9)
  2 ogres (D:5)
  3 centaurs
  3 phantoms
  3 kobold brigands
  An elf zombie (Ossuary)
  11 bullfrogs
  3 gnoll sergeants
  2 scorpions
  A water moccasin skeleton (D:5)
  10 killer bees
  2 troll zombies (D:10)
  8 electric eels
  9 wights
  2 howler monkeys
  2 vampire bats (D:6)
  2 human zombies (Ossuary)
  5 centaur zombies
  4 hounds
  A jelly (D:6)
  2 bullfrog skeletons
  5 orc priests
  Crazy Yiuf (D:3)
  5 iguanas
  5 orc wizards
  4 ogre zombies (D:10)
  3 mummies
  Robin (D:3)
  A howler monkey zombie (D:7)
  6 adders
  15 gnolls
  2 white imps
  An ufetubus (D:5)
  2 adder zombies (Ossuary)
  A worm (D:4)
  2 dart slugs
  9 orcs
  9 ball pythons
  2 bat skeletons (D:6)
  3 bat zombies (D:6)
  4 endoplasms
  5 giant cockroaches
  12 goblins
  10 hobgoblins
  7 jackals
  2 quokkas
  4 bats
  4 frilled lizards
  4 goblin zombies
  A hobgoblin skeleton (D:10)
  9 hobgoblin zombies
  14 kobolds
  9 kobold zombies (Ossuary)
  24 orc zombies
  A rat (D:2)
  A spectral hobgoblin (D:12)
422 creatures vanquished.

Vanquished Creatures (others)
  28 fungi
  31 plants
  11 toadstools (Lair:3)
70 creatures vanquished.

Grand Total: 492 creatures vanquished

Notes
Turn   | Place    | Note
-------+----------+-------------------------------------------
     0 | D:1      | tardwrangler69 the Draconian Earth Elementalist began the
                  | quest for the Orb.
     0 | D:1      | Reached XP level 1. HP: 14/14 MP: 3/3
   900 | D:1      | Reached XP level 2. HP: 14/20 MP: 5/5
  1880 | D:2      | Found Votiz's Distillery.
  1899 | D:2      | Reached XP level 3. HP: 4/26 MP: 2/6
  2538 | D:2      | Reached skill level 4 in Earth Magic
  2694 | D:2      | Reached XP level 4. HP: 16/33 MP: 1/8
  3394 | D:3      | Noticed Robin
  3395 | D:3      | Noticed Sigmund
  3466 | D:3      | Found a faded altar of an unknown god.
  3678 | D:3      | Killed Robin
  3679 | D:3      | Reached skill level 5 in Earth Magic
  3686 | D:3      | Reached XP level 5. HP: 13/38 MP: 3/9
  4139 | D:3      | Killed Sigmund
  4140 | D:3      | Reached XP level 6. HP: 29/45 MP: 2/11
  4389 | D:3      | Found a runed translucent door.
  4390 | D:3      | Noticed Crazy Yiuf
  4396 | D:3      | Killed Crazy Yiuf
  4397 | D:3      | Reached skill level 6 in Earth Magic
  5205 | D:4      | Your scales start taking on an icy white colour.
  5205 | D:4      | Reached XP level 7. HP: 36/50 MP: 5/13
  5205 | D:4      | Gained mutation: Your flesh is cold resistant. (rC+) [White
                  | Draconian growth]
  5207 | D:4      | Reached skill level 7 in Earth Magic
  5330 | D:4      | Found a staircase to the Ecumenical Temple.
  5369 | D:4      | Reached skill level 1 in Shields
  5501 | Temple   | Entered the Ecumenical Temple
  5860 | D:5      | Entered Level 5 of the Dungeon
  5860 | D:5      | Found a bloodstained altar of Trog.
  6182 | D:5      | Found a sand-covered staircase.
  6190 | Ossuary  | Entered an ossuary
  6220 | Ossuary  | Learned a level 2 spell: Passwall
  6224 | Ossuary  | Learned a level 3 spell: Stone Arrow
  6230 | Ossuary  | Learned a level 5 spell: Lee's Rapid Deconstruction
  6404 | Ossuary  | Reached skill level 5 in Spellcasting
  6498 | Ossuary  | Reached skill level 8 in Earth Magic
  6498 | Ossuary  | Reached XP level 8. HP: 16/57 MP: 10/15
  7381 | D:5      | Found a shimmering altar of Xom.
  7382 | D:5      | Found a shimmering altar of Xom.
  7382 | D:5      | Found a shimmering altar of Xom.
  7383 | D:5      | Found a shimmering altar of Xom.
  7389 | D:5      | Found a shimmering altar of Xom.
  7736 | D:6      | Found a white marble altar of Elyvilon.
  7880 | D:6      | Found an ancient bone altar of Kikubaaqudgha.
  7896 | D:6      | Reached skill level 9 in Earth Magic
  8230 | D:6      | Found a broken altar of Ashenzari.
  8800 | D:7      | Reached skill level 1 in Conjurations
  9111 | D:7      | Reached XP level 9. HP: 44/62 MP: 17/17
  9869 | D:7      | Reached skill level 10 in Earth Magic
  9876 | D:7      | Reached skill level 5 in Shields
 10379 | D:8      | Noticed Maggie
 10394 | D:8      | HP: 2/61 [Maggie/bolt of fire (26)]
 10395 | D:8      | Killed Maggie
 11104 | D:8      | Found a sacrificial altar of Ru.
 11202 | D:8      | Found a radiant altar of Vehumet.
 11305 | D:8      | Reached XP level 10. HP: 69/69 MP: 19/20
 11419 | D:8      | Identified 2 scrolls of acquirement
 11419 | D:8      | Acquired 957 gold pieces
 11421 | D:8      | Acquired the ring of Recklessness {*Corrode rF- EV+4 Str+9
                  | SInv}
 11596 | D:8      | Became a worshipper of Vehumet
 11750 | D:9      | Found a staircase to the Lair.
 11750 | D:9      | Noticed an elephant
 11856 | D:8      | Reached skill level 11 in Earth Magic
 12413 | D:9      | Found a stormy altar of Qazlal.
 12528 | D:9      | Reached * piety under Vehumet
 12528 | D:9      | Offered knowledge of Shock by Vehumet.
 12876 | D:9      | Killed an elephant
 12877 | D:9      | Reached skill level 12 in Earth Magic
 12977 | D:9      | Found a hide-covered altar of Uskayaw.
 13182 | D:10     | Entered Level 10 of the Dungeon
 13575 | D:10     | Offered knowledge of Foxfire by Vehumet.
 13576 | D:10     | Reached ** piety under Vehumet
 14117 | D:10     | Reached XP level 11. HP: 60/74 MP: 23/23
 14231 | D:10     | Found a staircase to the Orcish Mines.
 14311 | D:10     | Found a shimmering blue altar of Sif Muna.
 14323 | D:10     | Found a shadowy altar of Dithmenos.
 14443 | D:10     | Paralysed by a hornet for 3 turns
 14580 | D:10     | Reached skill level 5 in Conjurations
 14755 | D:10     | Found a hazy altar of Hepliaklqana.
 15270 | D:11     | Noticed a two-headed ogre
 15275 | D:11     | Killed a two-headed ogre
 15277 | D:11     | Noticed a red ugly thing
 15290 | D:11     | Killed a red ugly thing
 15486 | D:11     | Offered knowledge of Searing Ray by Vehumet.
 15551 | D:11     | Noticed a two-headed ogre
 15554 | D:11     | Killed a two-headed ogre
 15555 | D:11     | Reached skill level 13 in Earth Magic
 15808 | D:11     | Noticed a two-headed ogre
 15811 | D:11     | Killed a two-headed ogre
 15994 | D:11     | Noticed a two-headed ogre
 15997 | D:11     | Noticed a two-headed ogre
 16002 | D:11     | Killed a two-headed ogre
 16007 | D:11     | Killed a two-headed ogre
 16380 | D:11     | Noticed a green ugly thing
 16384 | D:11     | Killed a green ugly thing
 16587 | D:12     | Found a hazy altar of Hepliaklqana.
 16588 | D:12     | Reached *** piety under Vehumet
 16783 | D:12     | Found Yraeffib's Magic Scroll Boutique.
 16791 | D:12     | Bought a scroll of blinking for 90 gold pieces
 16791 | D:12     | Bought a scroll of teleportation for 36 gold pieces
 16791 | D:12     | Bought a scroll of teleportation for 36 gold pieces
 16791 | D:12     | Bought a scroll of teleportation for 36 gold pieces
 16791 | D:12     | Bought a scroll of blinking for 90 gold pieces
 17357 | D:12     | Noticed a brown ugly thing
 17363 | D:12     | Killed a brown ugly thing
 17588 | Lair:1   | Entered Level 1 of the Lair of Beasts
 17634 | Lair:1   | Reached XP level 12. HP: 35/81 MP: 16/25
 17635 | Lair:1   | Reached skill level 14 in Earth Magic
 17661 | Lair:1   | Noticed a four-headed hydra
 17687 | Lair:1   | Noticed Joseph
 17704 | Lair:1   | Killed Joseph
 17737 | Lair:1   | Killed a four-headed hydra
 17860 | Lair:1   | Offered knowledge of Iskenderun's Mystic Blast by Vehumet.
 18484 | Lair:1   | Reached skill level 10 in Spellcasting
 18829 | Lair:2   | Acquired a book of the Earth
 18838 | Lair:2   | Learned a level 6 spell: Iron Shot
 18844 | Lair:2   | Noticed a catoblepas
 18855 | Lair:2   | Killed a catoblepas
 19196 | Lair:2   | Reached skill level 15 in Earth Magic
 19665 | Lair:2   | Noticed a six-headed hydra
 19672 | Lair:2   | Killed a six-headed hydra
 19673 | Lair:2   | Reached skill level 1 in Fighting
 20702 | Lair:2   | Found a hole to the Spider Nest.
 21336 | Lair:3   | Reached **** piety under Vehumet
 21397 | Lair:3   | Noticed a catoblepas
 21419 | Lair:3   | Found a runed translucent door.
 22017 | Lair:3   | Killed a catoblepas
 22018 | Lair:3   | Reached skill level 16 in Earth Magic
 22018 | Lair:3   | Reached XP level 13. HP: 99/99 MP: 17/27
 22196 | Lair:3   | Reached skill level 5 in Fighting
 22991 | Lair:4   | Offered knowledge of Fulminant Prism by Vehumet.
 23110 | Lair:4   | Found a staircase to the Swamp.
 23769 | Lair:4   | Identified the +11 shortbow "Banisher" {freeze, rCorr Dex+3
                  | SInv}
 24446 | Lair:5   | Found a staircase to the Slime Pits.
 24786 | Lair:5   | Identified the +3 pair of boots of Whack-A-Mole {rElec
                  | Str+2 Int+3 Dex-3}
 24801 | Lair:6   | Entered Level 6 of the Lair of Beasts
 25008 | Lair:6   | Reached skill level 17 in Earth Magic
 25214 | Lair:6   | Reached ***** piety under Vehumet
 25214 | Lair:6   | Offered knowledge of Lightning Bolt by Vehumet.
 25407 | Lair:6   | Killed from afar by a lindwurm

Illustrated notes

Levels and vault maps discovered:
D:1:      nagdon_arrival_zigzag_paths, layout_basic
D:2:      layout_rooms, serial_shops, shop
D:3:      layout_basic, shapermc_ecumenical_altar_hornbeckon, uniq_robin,
          uniq_crazy_yiuf_cottage, uniq_sigmund
D:4:      layout_rooms, minmay_temple_entry_crystal_x, minivault_1
D:5:      layout_loops_cross, lemuel_crystal_altar, xom_redecorated,
          gup_ossuary_entry_pyramid
D:6:      layout_basic, ashenzari_conservatory_becter,
          kennysheep_vampire_church, nicolae_overflow_crystal_walls,
          eino_small_chamber_without_monster
D:7:      layout_loops_ring
D:8:      layout_basic, general_overflow_altar, lemuel_round_altar,
          kennysheep_cross_room, serial_bayou_pond_d,
          hangedman_abyss_or_decor_clamps, uniq_maggie
D:9:      layout_roguey, nicolae_qazlal_scattered_showers, kennysheep_mini,
          david_lair_generic
D:10:     layout_loops_ring, amcnicky_altar_gilded, kennysheep_little_box,
          overflow_temple_1_default, zombieorc1_lemuel
D:11:     layout_basic
D:12:     layout_stronghold, serial_shops, shop,
          nicolae_hepliaklqana_monster_ancestors
Temple:   cyrus_temple_forest
Lair:1:   layout_hall_layers, uniq_joseph
Lair:2:   layout_cave_shapes, nicolae_spider_entry_orb_guardian,
          minmay_lindwurm_lava, grunt_megastairs_4
Lair:3:   gammafunk_lair_enchanted_lake, layout_long_grid
Lair:4:   layout_hall_layers, palyth_hydra_swamp_entry, grunt_megastairs_5
Lair:5:   layout_concentric_octagons, slime_dummy, disabler_island
Lair:6:   cheibrodos_lair_end_hotspot, layout_gridlike, basic_altar, st_stairs_6

Skill      XL: |  1  2  3  4  5  6  7  8  9 10 11 12 13 |
---------------+----------------------------------------+-----
Earth Magic    | 4 5 6 8 9 10 12 13 16 17 | 17.5
Spellcasting   | 3 4 5 7 8 9 10 | 10.0
Shields        | 2 3 5 |  5.7
Conjurations   | 1 3 4 7 |  7.1
Fighting       | 4 8 |  8.0
Dodging        | |  1.7
Stealth        | |  1.7
Transmutations | |  1.0

Action                   |  1- 3 |  4- 6 |  7- 9 | 10-12 | 13-15 || total
-------------------------+-------+-------+-------+-------+-------++-------
Melee: Unarmed           |    30 |       |       |       |       ||    30
       Whip              |    95 |   125 |   335 |    74 |       ||   629
       Tailslap          |     9 |    13 |    39 |    18 |     1 ||    80
       Trident           |       |       |       |    49 |    10 ||    59
 Cast: Sandblast         |    16 |    38 |   136 |    47 |    19 ||   256
       Stone Arrow       |       |       |    13 |   246 |   159 ||   418
       Lee's Rapid Decon |       |       |     3 |    45 |    19 ||    67
       Passwall          |       |       |       |     2 |       ||     2
 Abil: Breathe Frost     |       |       |     1 |       |     1 ||     2
  Use: Potion            |       |     4 |       |     5 |       ||     9
       Scroll            |       |     3 |     1 |    18 |    10 ||    32
 Stab: Sleeping          |     2 |     1 |     2 |     1 |       ||     6
       Distracted        |       |     1 |       |       |       ||     1
Armor: Skin              |    75 |    80 |   246 |    81 |    13 ||   495
Dodge: Dodged            |   142 |   166 |   282 |   180 |    38 ||   808
Block: Buckler           |       |       |    97 |    75 |    13 ||   185

Table legend: (Time is in decaauts)
 A = Elapsed time spent in this place.
 B = Non-inter-level travel time spent in this place.
 C = Inter-level travel time spent in this place.
 D = Time resting spent in this place.
 E = Time spent auto-exploring this place.
 F = Levels seen in this place.
 G = Mean time per level.
                   A        B        C        D        E       F      G
               +--------+--------+--------+--------+--------+-----+--------+
         Total |  25619 |  24837 |    782 |   1685 |  19707 |  20 | 1280.9 |
       Dungeon |  16966 |  16488 |    478 |    810 |  13482 |  12 | 1413.8 |
        Temple |     79 |     54 |     25 |      0 |     54 |   1 |   79.0 |
          Lair |   7934 |   7655 |    279 |    875 |   5819 |   6 | 1322.3 |
       Ossuary |    638 |    638 |      0 |      0 |    351 |   1 |  638.0 |
               +--------+--------+--------+--------+--------+-----+--------+

Top non-repeatable levels by time:
     D:1: 2429 daAuts
  Lair:2: 2069 daAuts
     D:9: 1937 daAuts
     D:8: 1829 daAuts
     D:3: 1662 daAuts
  Lair:3: 1572 daAuts
  Lair:4: 1360 daAuts
    D:10: 1353 daAuts
    D:11: 1342 daAuts
     D:7: 1337 daAuts
  Lair:1: 1332 daAuts
     D:6: 1145 daAuts
     D:5: 1133 daAuts
    D:12: 1071 daAuts
  Lair:5: 982 daAuts
